 Dungeon Crawl Stone Soup version 0.28.0-53-g5a82cb258f (webtiles) character file.

Game seed: 12492128377035044985

620 Cape the Covered (level 7, -3/61 HPs)
             Began as a Minotaur Berserker on Aug 10, 2022.
             Was a Believer of Trog.
             Killed from afar by an acid dragon (22 damage)
             ... with a splash of acid
             ... on level 5 of the Dungeon.
             The game lasted 00:19:48 (4198 turns).

Cape the Covered (Minotaur Berserker)               Turns: 4198, Time: 00:19:48

Health: -3/61      AC:  5    Str: 23    XL:     7   Next: 22%
Magic:  6/6        EV:  9    Int:  4    God:    Trog [**....]
Gold:   227        SH:  0    Dex: 10    Spells: 6/6 levels left

rFire   . . .      SeeInvis .   b - +2 falchion (elec)
rCold   . . .      Faith    .   (no shield)
rNeg    + . .      Spirit   .   x - +1 chain mail
rPois   .          Reflect  .   (helmet restricted)
rElec   .          Harm     .   (no cloak)
rCorr   .          Rampage  .   i - +0 pair of gloves
Will    +....                   c - +0 pair of boots
Stlth   ..........              (no amulet)
HPRegen 0.20/turn               m - ring of willpower
MPRegen 0.10/turn               o - ring of positive energy

@: corroded
A: horns 2, retaliatory headbutt
a: Renounce Religion, Berserk, Trog's Hand


You were on level 5 of the Dungeon.
You worshipped Trog.
Trog was pleased with you.
You visited 1 branch of the dungeon, and saw 5 of its levels.

You collected 227 gold pieces.

Inventory:

Hand Weapons
 b - a +2 falchion of electrocution (weapon)
Missiles
 u - 4 javelins (quivered)
Armour
 c - a +0 pair of boots (worn)
 i - a +0 pair of gloves (worn)
 x - a +1 chain mail (worn)
Jewellery
 m - a ring of willpower (left hand)
 o - a ring of positive energy (right hand)
Scrolls
 f - a scroll of noise
 j - 3 scrolls of teleportation
 r - a scroll of fear {unknown}
 s - a scroll of silence {unknown}
 v - a scroll of brand weapon {unknown}
Potions
 a - a potion of ambrosia
 d - a potion of curing
 g - a potion of haste
 k - a potion of mutation
 l - a potion of berserk rage
 n - a potion of flight {unknown}
 p - 2 potions of lignification
 t - a potion of brilliance {unknown}
 w - a potion of heal wounds {unknown}


   Skills:
 + Level 5.1 Fighting
 * Level 3.4 Long Blades
 - Level 5.3 Axes
 * Level 5.8 Armour
 + Level 4.1 Dodging


You had 6 spell levels left.
You didn't know any spells.
Your spell library was empty.

Dungeon Overview and Level Annotations

Branches:
Dungeon (5/15)
 Temple: D:4-7

Altars:
Hepliaklqana
Kikubaaqudgha

Shops:
D:1 (:[:(   D:5 [


Innate Abilities, Weirdness & Mutations

You have a pair of horns on your head.
You reflexively headbutt those who attack you in melee.


Message History

Items here: ( ) [ †.
The water moccasin skeleton bites you but does no damage.
You completely miss the water moccasin skeleton.
Your punch misses the water moccasin skeleton.
The water moccasin skeleton bites you but does no damage.
Unknown command.
You closely miss the water moccasin skeleton.
You headbutt the water moccasin skeleton.
The water moccasin skeleton is lightly damaged.
The water moccasin skeleton closely misses you.
You slash the water moccasin skeleton!
The water moccasin skeleton is moderately damaged.
The water moccasin skeleton bites you but does no damage. x2
You slash the water moccasin skeleton!
Your headbutt misses the water moccasin skeleton.
The water moccasin skeleton is severely damaged.
The water moccasin skeleton bites you but does no damage.
You slash the water moccasin skeleton!
The water moccasin skeleton is almost destroyed.
The water moccasin skeleton bites you but does no damage.
You slash the water moccasin skeleton!
Lightning courses through the water moccasin skeleton!
You destroy the water moccasin skeleton!
Trog accepts your kill.
The orc shouts!
You hear a shout!
An orc comes into view. It is wielding a +0 dagger.
Found an ancient bone altar of Kikubaaqudgha.
The orc shouts!
You hear a shout!
An orc comes into view. It is wielding a +0 hand axe.
The acid dragon roars!
The acid dragon spits acid at you. The splash of acid hits you!
The acid corrodes you!
You hear a shout!
The acid dragon spits acid at you. The splash of acid hits you!!
* * * LOW HITPOINT WARNING * * *
The acid corrodes you! The acid dragon spits acid at you.
The splash of acid hits you!!
You die...

..#.#...#.# ....#.. ...
##.....## ..
############.......# #.
#........##........####.
#........#..............
#..<.....#.........#####
#..........o....∩.......
#......@.#.........####.
#.......)....Do....## #.
#............o......###.
##########...........##.
#..............
#.........##...
#.........###..
#.?.......##...
##.......###.#.


You could see an acid dragon (catching breath) and 3 orcs.

Vanquished Creatures
  Eustachio (D:4)
  2 black bears
  A scorpion (D:3)
  A water moccasin skeleton (D:5)
  A gnoll (D:1)
  6 adders
  An ufetubus (D:4)
  A worm (D:2)
  10 dart slugs
  11 orcs
  4 ball pythons
  6 bats
  11 endoplasms
  2 giant cockroaches (D:2)
  6 hobgoblins
  6 kobolds
  5 quokkas
  2 frilled lizards
  5 goblins
  5 rats
  A spectral orc (D:4)
88 creatures vanquished.

Notes
Turn   | Place    | Note
-------+----------+-------------------------------------------
     0 | D:1      | Cape the Minotaur Berserker began the quest for the Orb.
     0 | D:1      | Reached XP level 1. HP: 19/19 MP: 0/0
   184 | D:1      | Found Nyucut's Book Boutique.
   248 | D:1      | Reached XP level 2. HP: 24/27 MP: 1/1
   287 | D:1      | Found Becus's Antique Weapon Emporium.
   321 | D:1      | Found Wiago's Book Emporium.
   396 | D:1      | Found Gaonutih's Armour Shoppe.
   593 | D:1      | Found Muinom's Weapon Emporium.
   685 | D:1      | Reached XP level 3. HP: 32/33 MP: 2/2
  1027 | D:2      | Found a faded altar of an unknown god.
  1099 | D:2      | Reached ** piety under Trog
  1371 | D:2      | Reached XP level 4. HP: 39/40 MP: 3/3
  2277 | D:3      | Noticed a scorpion
  2285 | D:3      | Killed a scorpion
  2286 | D:3      | Reached skill level 5 in Axes
  2286 | D:3      | Reached XP level 5. HP: 39/47 MP: 4/4
  3044 | D:4      | Noticed Eustachio
  3063 | D:4      | Killed Eustachio
  3064 | D:4      | Reached skill level 5 in Armour
  3064 | D:4      | Reached XP level 6. HP: 53/53 MP: 5/5
  3582 | D:4      | Found a hazy altar of Hepliaklqana.
  3828 | D:5      | Entered Level 5 of the Dungeon
  4047 | D:5      | Reached skill level 5 in Fighting
  4077 | D:5      | Found Yplump's Armour Shop.
  4078 | D:5      | Noticed an orc warrior
  4093 | D:5      | Noticed an acid dragon
  4140 | D:5      | Reached XP level 7. HP: 58/61 MP: 6/6
  4179 | D:5      | Found an ancient bone altar of Kikubaaqudgha.
  4198 | D:5      | Killed from afar by an acid dragon

Illustrated notes

Levels and vault maps discovered:
D:1:      saegor_arrival_simple_b, layout_rooms, serial_shops,
          nicolae_shop_trees, shop_statue, shop_statue,
          nicolae_shop_advertising_works [nicolae_subvault_shop_adworks],
          nicolae_shop_hallway_plus
D:2:      layout_loops_corners, hellmonk_ecumenical_altar_leap_of_faith,
          kennysheep_generic_room_15
D:3:      kennysheep_slugbush, layout_loops_ring
D:4:      layout_basic, nicolae_hepliaklqana_monster_ancestors,
          minmay_misc_feat_alley, chequers_hall_statues_corner_a, uniq_eustachio
D:5:      layout_rooms, kennysheep_mini, minmay_temple_entry_poolview,
          serial_shops, shop, minmay_misc_feat_hallway, palyth_stone_intersect

Skill      XL: |  1  2  3  4  5  6 |
---------------+-------------------+-----
Axes           | 4 5 |  5.3
Armour         | 3 4 5 |  5.8
Fighting       | 4 5 |  5.1
Dodging        | 3 4 |  4.1
Long Blades    | 2 3 |  3.4

Action                   |  1- 3 |  4- 6 |  7- 9 || total
-------------------------+-------+-------+-------++-------
Melee: Hand axe          |    93 |    94 |       ||   187
       Headbutt          |    13 |    22 |     1 ||    36
       Punch             |     1 |     2 |       ||     3
       Falchion          |       |    32 |     8 ||    40
Throw: Javelin           |       |     1 |       ||     1
Invok: Trog's Hand       |       |     1 |       ||     1
       Berserk           |       |     1 |       ||     1
  Use: Scroll            |       |    10 |       ||    10
 Stab: Sleeping          |     1 |     2 |       ||     3
Armor: Animal skin       |    25 |    24 |       ||    49
       Chain mail        |       |    47 |     6 ||    53
Dodge: Dodged            |    56 |    80 |     1 ||   137
